[Event "Pia Cramling Invitational 2018"]
[Site "Stockholm"]
[Date "2018.09.01"]
[Round "3"]
[White "Arakhamia-Grant, Ketevan"]
[Black "Skripchenko, Almira"]
[Result "1/2-1/2"]
[ECO "C55"]
[WhiteElo "2323"]
[BlackElo "2371"]
[Annotator "NA"]
[PlyCount "108"]
[EventDate "2018.09.01"]
[EventType "tourn"]
[EventCountry "SWE"]
[SourceTitle "playchess.com"]
[Source "ChessBase"]
[SourceQuality "1"]
[TimeControl "1800+10"]

1. e4 e5 2. Nf3 Nc6 3. Bc4 Nf6 4. d3 Be7 5. c3 O-O 6. O-O d6 7. Re1 Na5 8. Bb5 a6 9. Ba4 b5 10. Bc2 c5 11. Nbd2 Re8 12. Nf1 Bf8 13. Bg5 h6 14. Bh4 g5 {[%emt 0:03:05] C90: Closed Ruy Lopez with 7...d6: Early deviations} (14... Be7 15. Ne3 Be6 16. d4 Ng4 17. Bxe7 Rxe7 18. dxc5 Nxe3 19. fxe3 dxc5 20. Nxe5 Qc7 21. Nd3 Rd8 22. Qh5 Bc4 {½-½ (51) Motylev,A (2659)-Oparin,G (2587) Yaroslavl 2018}) 15. Bg3 Nh5 16. Ne3 Nf4 17. d4 Nc6 18. a4 $146 ({Predecessor:} 18. dxc5 dxc5 19. Qxd8 Rxd8 20. h4 f6 21. hxg5 hxg5 22. Bxf4 gxf4 23. Nd5 Kf7 24. a4 Bg4 25. axb5 axb5 26. Nh2 Be6 27. Rxa8 Rxa8 28. Nc7 Rb8 {½-½ (28) Larrain Cadaiz,E-Beni,A Leipzig 1960}) 18... Rb8 19. axb5 axb5 20. dxe5 dxe5 21. Qxd8 Rxd8 22. Nd5 Kg7 23. h4 f6 $1 24. Bxf4 exf4 25. Nd2 Bd6 26. Bd1 $11 Be5 27. Be2 c4 28. Nf3 Be6 29. Ra6 Bd7 30. Rd1 Be8 31. Nxe5 fxe5 32. hxg5 hxg5 33. Bg4 Rb7 34. Rda1 Rdb8 35. Bf5 Ne7 36. Be6 Nc6 37. f3 b4 38. Kh2 bxc3 39. bxc3 Nd8 40. Bf5 Bf7 41. Kh3 Rb2 42. Ra7 R8b7 43. Rxb7 Rxb7 44. Ra4 Nc6 45. Rxc4 Ne7 46. Bc8 Rb8 47. Bd7 Nxd5 48. exd5 Rd8 49. Be6 Bxe6+ 50. dxe6 Kf6 51. Rc6 Rd2 52. e7+ Kxe7 53. Rg6 Rc2 54. Rxg5 Kf6 1/2-1/2

[Event "Pia Cramling Invitational 2018"]
[Site "Stockholm"]
[Date "2018.09.02"]
[Round "6"]
[White "Skripchenko, Almira"]
[Black "Arakhamia-Grant, Ketevan"]
[Result "1/2-1/2"]
[ECO "B40"]
[WhiteElo "2371"]
[BlackElo "2323"]
[Annotator "NA"]
[PlyCount "79"]
[EventDate "2018.09.01"]
[EventType "tourn"]
[EventCountry "SWE"]
[SourceTitle "playchess.com"]
[Source "ChessBase"]
[SourceQuality "1"]
[TimeControl "1800+10"]

1. e4 c5 2. Nf3 e6 3. d3 Nc6 4. c3 d5 5. Qe2 Nge7 6. g3 g6 7. Bg2 Bg7 8. Nbd2 O-O 9. O-O h6 {[%emt 0:00:34] A08: Königsindisch im Anzug} 10. Re1 {[%emt 0:00:53] LiveBook: 4 Games} b6 11. h4 Qc7 12. exd5 (12. e5 f6 13. exf6 Rxf6 14. Nf1 Rf7 15. Ne3 e5 16. h5 g5 17. Nxg5 hxg5 18. Nxd5 Nxd5 19. Bxd5 {0-1 (38) Rojas Keim,L (2444)-Ibarra Jerez,J (2514) La Roda 2009}) 12... Nxd5 13. Nc4 Bb7 14. a4 $146 ({Vorgänger:} 14. h5 g5 15. Nxg5 hxg5 16. Bxg5 {1-0 (35) Demkovich,A (2341)-Khurtsidze,N (2405) Ukraina 1999}) 14... Rad8 15. Bd2 Rfe8 (15... e5 $5) 16. Nfe5 Nxe5 17. Nxe5 Ba6 18. a5 bxa5 19. Nc4 Nb6 $11 20. Bf4 e5 $1 21. Bc1 Nxc4 22. dxc4 e4 23. Bf4 Qb6 24. Be3 f5 25. Ra3 Rd3 26. Qc2 Bxc4 27. Bf1 Rb8 28. Qa4 Bb5 29. Qxa5 Rd7 30. c4 Bc6 31. Bxc5 Qxb2 32. Qa6 Qb7 33. Qxa7 Qxa7 34. Rxa7 Rxa7 35. Bxa7 Rb2 36. Be3 Kf7 37. Rd1 Ke6 38. Bf4 Bf8 39. Be3 h5 40. Ra1 1/2-1/2